 Dungeon Crawl Stone Soup version 0.17.0-26-gececa24 (webtiles) character file.

217490 4thArraOfDagon the Severer (level 17, -6/151 HPs)
             Began as a Deep Dwarf Berserker on Nov 18, 2015.
             Was a Believer of Trog.
             Mangled by a deep troll (8 damage)
             ... on level 4 of the Depths on Nov 19, 2015.
             The game lasted 01:32:21 (9109 turns).

4thArraOfDagon the Severer (Deep Dwarf Berserker)   Turns: 9109, Time: 01:32:22

Health: -6/151     AC: 29    Str: 28    XL:     17   Next: 94%
Magic:  2/10       EV: 13    Int: 13    God:    Trog [**....]
Gold:   1019       SH:  0    Dex: 12    Spells: 0 memorised, 16 levels left

rFire  + . .     SeeInvis .     v - +3 battleaxe (elec)
rCold  + . .     Clarity  .     q - +1 plate armour {rC+}
rNeg   + + .     SustAt   .     (shield currently unavailable)
rPois  +         Gourm    .     M - +2 helmet {Int+3}
rElec  +         Spirit   .     D - +2 cloak of Starlight {rElec rC+ EV+4 Stlth--}
rCorr  .         Warding  +     p - +0 pair of gloves
rMut   .         Rnd*Tele +     U - +0 pair of boots
MR     ++++.                    z - amulet of warding
Stlth  ..........               n - ring of teleportation
                                o - ring of Zalikheb {Fire rPois Str+2}

@: flayed, non-regenerating, incredibly resistant to hostile enchantments,
extremely unstealthy
A: damage resistance, recharge devices, negative energy resistance 1, sense
surroundings 2, slow regeneration 3
a: Device Recharging, Berserk, Trog's Hand, Burn Spellbooks, Renounce Religion,
Evoke Teleportation
}: 2/15 runes: serpentine, barnacled


You were on level 4 of the Depths.
You worshipped Trog.
Trog was pleased with you.
You were hungry.

You visited 8 branches of the dungeon, and saw 40 of its levels.
You visited 1 ziggurat, and saw 8 of its levels.
You also visited: Bailey, Ice Cave, Volcano and Wizlab.

You collected 2070 gold pieces.
You spent 1051 gold pieces at shops.

Inventory:

Hand Weapons
 u - a +0 blowgun
 v - a +3 battleaxe of electrocution (weapon)
 G - a +2 battleaxe of freezing
Missiles
 E - 6 curare-tipped needles
 J - 3 tomahawks of dispersal
 Y - 2 throwing nets (quivered)
Armour
 p - a +0 pair of gloves (worn)
 q - a +1 plate armour of cold resistance (worn)
 D - the +2 cloak of Starlight (worn) {rElec rC+ EV+4 Stlth--}
   (You found it in a wizard's laboratory)

   It affects your evasion (+4).
   It protects you from cold.
   It insulates you from electricity.
   It makes you much less stealthy.
 M - a +2 helmet of intelligence (worn)
 U - a +0 pair of boots (worn)
Jewellery
 n - a ring of teleportation (right hand)
 o - the ring of Zalikheb (left hand) {Fire rPois Str+2}
   (You bought it in a shop on level 4 of the Orcish Mines)

   [ring of fire]

   It enhances your fire magic, and weakens your ice magic.
   It affects your strength (+2).
   It protects you from fire.
   It makes you vulnerable to cold.
   It protects you from poison.
 x - an uncursed ring of sustain attributes
 z - an amulet of warding (around neck)
 L - an uncursed ring of protection from fire
 O - a +3 ring of protection
Wands
 c - a wand of heal wounds (3)
 f - a wand of teleportation (2)
 k - a wand of digging (0)
 l - a wand of paralysis (0)
 K - a wand of slowing (31)
 N - a wand of draining (6)
 P - a wand of fire (0)
 S - a wand of fire (0)
 V - a wand of random effects (30)
 Z - a wand of digging (14)
Scrolls
 i - 7 scrolls of noise
 y - 5 scrolls of enchant armour
 C - a scroll of fog
 H - a scroll of magic mapping
 I - 2 scrolls of remove curse
Potions
 b - 2 potions of resistance
 e - 3 potions of curing
 g - a potion of cancellation
 h - a potion of degeneration {unknown}
 j - 3 potions of might
 r - 6 potions of berserk rage
 t - a potion of haste
 B - 3 potions of brilliance
 W - a potion of agility
 X - 2 potions of cure mutation
Books
 s - Witchery, Part Two
   (You found it on level 7 of a ziggurat)

   Spells                             Type                      Level
   a - Throw Flame                    Conjuration/Fire             2
   b - Searing Ray                    Conjuration                  2
   c - Throw Frost                    Conjuration/Ice              2
   d - Confusing Touch                Hexes                        2
   e - Call Imp                       Summoning                    2
   Trog disapproves of the use of such an item.
 F - a book of Transfigurations

   Spells                             Type                      Level
   a - Stoneskin                      Transmutation/Earth          2
   b - Irradiate                      Conjuration/Transmutation    5
   c - Statue Form                    Transmutation/Earth          6
   d - Hydra Form                     Transmutation                6
   e - Dragon Form                    Transmutation                7
   Trog disapproves of the use of such an item.
Miscellaneous
 a - a stone of tremors
 m - a lamp of fire (inert)
 w - a plain deck of destruction {drawn: 4}
 T - a phial of floods (inert)
Comestibles
 d - 3 bread rations
 A - 10 meat rations
 R - 6 chunks of flesh


   Skills:
 + Level 9.3 Fighting
 - Level 20.1 Axes
 + Level 16.2 Armour
 - Level 2.1 Dodging
 + Level 17.1 Evocations


You had 16 spell levels left.
You didn't know any spells.

Dungeon Overview and Level Annotations

Branches:
Dungeon (15/15)              Lair (8/8) D:9          Shoals (4/4) Lair:6
  Snake (4/4) Lair:3        Slime (0/6) Lair:6          Orc (4/4) D:9
    Elf (1/3) Orc:3        Depths (4/5) D:15           Hell (1/1)
 Temple: D:4-7       Vaults: D:13-14        Dis: Hell:1         Geh: Hell:1
    Coc: Hell:1         Tar: Hell:1

Altars:
Dithmenos
Nemelex Xobeh
Sif Muna

Shops:
D:4 *   Orc:4 }%%=   Snake:1 *   Snake:2 (

Portals:
Hell: Depths:1 Depths:3
Abyss: Depths:4

Annotations:
Lair:5 exclusion: oklob plant
Shoals:4 1 runed door, Ilsuiw
Snake:1 Aizul
Depths:4 1 runed door
Hell Geryon


Innate Abilities, Weirdness & Mutations

You are resistant to damage.
You can recharge devices by infusing magical energy.
You resist negative energy.
You passively map the area around you.
You do not regenerate naturally.


Message History

Zapping:
c - a wand of heal wounds (4)
Press: ? - help, Shift-Dir - straight line, f - you You feel much better.
This wand has 3 charges left.
The yaktaur hits you but does no damage.
The yaktaur hits you!
* * * LOW HITPOINT WARNING * * *
The deep troll earth mage bites you but does no damage.
The deep troll earth mage claws you but does no damage.
The deep troll earth mage claws you. The deep troll bites you!
* * * LOW HITPOINT WARNING * * *
The deep troll claws you but does no damage.
The deep troll claws you!
* * * LOW HITPOINT WARNING * * *
The yaktaur barely misses you.
The yaktaur captain hits you but does no damage.
The yaktaur closely misses you. The deep troll bites you.
* * * LOW HITPOINT WARNING * * *
The deep troll claws you but does no damage.
The deep troll claws you!
You die...

, , , , * , * *
* ,, * *, ,* *
, , *
##########* *
#.###cTT....∩.
,
#.cccc@TT.....,
, **
#.###ccc......,
, #TT......u ,
* * * * ,
#T########* , *
#W#≈≈≈≈≈≈≈ ,
#i#≈≈≈§≈≈≈ , **
** #T#≈≈≈≈≈≈≈ ≈
, , ,
G.#≈§§§§§§ * ,
,, ,..#≈≈≈§§≈
**,


You could see a yaktaur captain, a great orb of eyes (wandering), a white ugly
thing (wandering), a flayed ghost, 5 deep trolls, a spriggan air mage, a deep
troll earth mage, 2 deep troll shamans and 7 yaktaurs.

Vanquished Creatures
  Gastronok (Lair:2)
  An acid blob (Zig:4)
  A draconian monk (Zig:5)
  A fire giant (Depths:2)
  Maud (Lair:8)
  A draconian knight (Zig:5)
  An orc warlord (Zig:6)
  An emperor scorpion (Zig:7)
  A draconian shifter (Zig:5)
  A very ugly thing (Depths:2)
  3 stone giants (Zig:6)
  A vampire knight (Depths:1)
  A yellow draconian (Zig:5)
  A merfolk javelineer (Shoals:4)
  5 merfolk impalers
  2 great orbs of eyes
  The ghost of BLOAX the Cleaver, a journeyman MiBe of Trog (Lair:5)
  2 ice dragons (Depths:2)
  Harold (D:10)
  2 hydras
  5 anacondas
  2 merfolk avatars (Shoals:4)
  An alligator snapping turtle (Shoals:4)
  A rakshasa (WizLab)
  A centaur warrior (D:15)
  A merfolk aquamancer (Shoals:4)
  2 satyrs
  4 tengu warriors
  A death yak (Lair:7)
  A thrashing horror (Zig:3)
  4 orc high priests
  Nergalle (Orc:2)
  9 sea snakes
  A shadow wraith (Zig:3)
  A deep troll (Depths:4)
  A deep troll (shapeshifter) (D:15)
  A giant orange brain (Depths:3)
  4 orc knights (Orc:4)
  2 cyclopes
  7 harpies
  An orb spider (Zig:7)
  2 ugly things (Depths:2)
  A shining eye (Zig:4)
  5 orc sorcerers (Orc:4)
  3 salamanders
  A wolf spider (Zig:7)
  A water nymph (Shoals:4)
  A worldbinder (WizLab)
  A salamander (shapeshifter) (D:15)
  3 griffons
  7 sirens
  A manticore (Shoals:2)
  A faun (Shoals:2)
  8 elephants
  9 black mambas
  4 naga magi
  A moth of wrath (Zig:1)
  2 torpor snails (Lair:7)
  A smoke demon (WizLab)
  An eye of devastation (Zig:4)
  5 komodo dragons
  A fire drake (Lair:8)
  15 spiny frogs
  A demonic crawler (Zig:7)
  2 trolls
  An ancient zyme (Zig:3)
  A yaktaur (Depths:4)
  The ghost of BLOAX the Chopper, an amateur MiBe of Trog (D:6)
  A wind drake (shapeshifter) (D:15)
  7 merfolk
  A blue devil (WizLab)
  A jumping spider (Zig:7)
  3 giant leeches (Lair:8)
  6 slime creatures
  25 blink frogs
  A wind drake (WizLab)
  15 yaks
  4 snapping turtles
  A small abomination (Zig:3)
  2 trapdoor spiders (Zig:7)
  A trapdoor spider (shapeshifter) (D:15)
  3 water elementals
  A deep elf fighter (D:9)
  4 redbacks
  A hippogriff (shapeshifter) (D:15)
  8 vampire mosquitoes (Lair:8)
  A deep elf mage (D:12)
  3 hippogriffs
  A neqoxec (Zig:3)
  9 wolves
  9 nagas
  2 insubstantial wisps (WizLab)
  The ghost of herpmino the Cutter, an amateur HaCj (D:3)
  8 water moccasins
  4 porcupines
  A hell hound (Zig:3)
  6 ice beasts (IceCv)
  3 sky beasts
  An eye of draining (shapeshifter) (D:15)
  5 ogres
  20 orc warriors
  4 boggarts (D:15)
  7 crocodiles
  A wasp (D:12)
  2 centaurs
  A gnoll sergeant (Zig:6)
  19 giant frogs
  A wyvern zombie (D:10)
  8 electric eels
  3 crimson imps
  A quasit (D:11)
  3 hounds
  14 orc priests
  2 jellies (Lair:6)
  A giant frog zombie (D:9)
  20 orc wizards
  2 giant frog skeletons
  An iguana (Lair:3)
  6 sheep
  4 gnolls (D:4)
  30 river rats
  2 adders
  A shadow imp (WizLab)
  An adder zombie (D:9)
  A giant gecko (D:9)
  137 orcs
  4 giant cockroaches
  4 hobgoblins
  3 jackals (D:5)
  6 kobolds
  A quokka (D:4)
  9 bats
  A giant gecko skeleton (D:4)
  2 giant newts
  5 goblins
  7 rats
  5 fungi
  10 plants
648 creatures vanquished.

Vanquished Creatures (collateral kills)
  A draconian zealot (Zig:5)
  A stone giant (Depths:3)
  A sea snake (Snake:1)
  A harpy (Zig:8)
  2 orb spiders (Zig:7)
6 creatures vanquished.

Vanquished Creatures (others)
  A fire dragon (Depths:3)
  A merfolk aquamancer (Shoals:4)
  A wolf spider (Zig:7)
  4 orcs
  555 eldritch tentacle segments (WizLab)
  A fire vortex (Volcano)
  8 fungi
  A lurking horror (WizLab)
  10 plants
  2 starspawn tentacles (WizLab)
584 creatures vanquished.

Grand Total: 1238 creatures vanquished

Notes
Turn   | Place    | Note
--------------------------------------------------------------
     0 | D:1      | 4thArraOfDagon the Deep Dwarf Berserker began the quest for the Orb.
     0 | D:1      | Reached XP level 1. HP: 20/20 MP: 1/1
   119 | D:1      | Reached XP level 2. HP: 24/27 MP: 2/2
   289 | D:3      | Noticed a water moccasin
   292 | D:3      | Noticed herpmino's ghost (amateur HaCj)
   300 | D:3      | Killed a water moccasin
   300 | D:3      | Reached skill level 4 in Axes
   300 | D:3      | Reached XP level 3. HP: 34/34 MP: 3/3
   300 | D:3      | Reached XP level 4. HP: 42/42 MP: 4/4
   307 | D:3      | Killed herpmino's ghost
   307 | D:3      | Reached skill level 5 in Axes
   307 | D:3      | Reached XP level 5. HP: 37/49 MP: 5/5
   336 | D:3      | Reached ** piety under Trog
   547 | D:4      | Found Ymyd's Elemental Accessories.
   575 | D:4      | Reached XP level 6. HP: 20/57 MP: 6/6
   618 | D:3      | Found a faded altar to an unknown god.
   700 | D:5      | Entered Level 5 of the Dungeon
   831 | D:5      | Reached skill level 6 in Axes
   927 | D:6      | Noticed BLOAX's ghost (amateur MiBe)
   952 | D:6      | Killed BLOAX's ghost
   952 | D:6      | Reached skill level 7 in Axes
   952 | D:6      | Reached skill level 5 in Armour
   952 | D:6      | Reached XP level 7. HP: 64/64 MP: 7/7
   957 | D:6      | RIP bud
  1116 | D:7      | Reached skill level 1 in Evocations
  1239 | D:7      | Reached XP level 8. HP: 33/73 MP: 8/8
  1364 | D:9      | Reached skill level 8 in Axes
  1368 | D:9      | Reached skill level 5 in Fighting
  1475 | D:9      | Found a flagged portal.
  1484 | Bailey   | Entered a bailey
  1569 | Bailey   | Reached skill level 9 in Axes
  1571 | Bailey   | HP: 1/112 [orc warrior/glaive (7)]
  1588 | Bailey   | Reached *** piety under Trog
  1640 | Bailey   | Noticed an orc knight
  1732 | D:9      | Found a staircase to the Orcish Mines.
  1774 | Orc:1    | Entered Level 1 of the Orcish Mines
  1829 | Orc:1    | Gained mutation: You passively map the area around you. [Deep Dwarf growth]
  1829 | Orc:1    | Reached XP level 9. HP: 69/82 MP: 8/8
  1839 | Orc:2    | Noticed Nergalle
  1938 | Orc:2    | Killed Nergalle
  1938 | Orc:2    | Reached skill level 5 in Evocations
  1941 | Orc:2    | Reached skill level 10 in Axes
  2060 | Orc:3    | Reached **** piety under Trog
  2119 | Orc:4    | Entered Level 4 of the Orcish Mines
  2217 | Orc:4    | Noticed an orc sorcerer
  2223 | Orc:4    | Killed an orc sorcerer
  2310 | Orc:3    | Reached XP level 10. HP: 92/92 MP: 10/10
  2320 | Orc:3    | Noticed a cyclops
  2390 | Orc:3    | Found a staircase to the Elven Halls.
  2458 | Orc:4    | Noticed an orc high priest
  2481 | Orc:4    | Killed an orc high priest
  2481 | Orc:4    | Reached skill level 11 in Axes
  2512 | Orc:4    | Noticed an orc sorcerer
  2513 | Orc:4    | Noticed an orc sorcerer
  2530 | Orc:4    | Killed an orc sorcerer
  2539 | Orc:4    | Killed an orc sorcerer
  2553 | Orc:4    | Noticed an orc high priest
  2572 | Orc:4    | Killed an orc high priest
  2609 | Orc:4    | Reached skill level 12 in Axes
  2632 | Orc:4    | Noticed an orc knight
  2634 | Orc:4    | Noticed an orc high priest
  2646 | Orc:4    | Killed an orc knight
  2650 | Orc:4    | Killed an orc high priest
  2664 | Orc:4    | Noticed an orc knight
  2681 | Orc:4    | Killed an orc knight
  2681 | Orc:4    | Reached XP level 11. HP: 57/100 MP: 13/13
  2702 | Orc:4    | Noticed an orc knight
  2715 | Orc:4    | Killed an orc knight
  2729 | Orc:4    | Noticed an orc sorcerer
  2733 | Orc:4    | Killed an orc sorcerer
  2745 | Orc:4    | Found Yvomuuxe's Jewellery Emporium.
  2745 | Orc:4    | Found Biddish's Food Emporium.
  2745 | Orc:4    | Noticed an orc sorcerer
  2775 | Orc:4    | Paralysed by an orc sorcerer for 4 turns
  2779 | Orc:4    | Killed an orc sorcerer
  2779 | Orc:4    | Reached skill level 13 in Axes
  2782 | Orc:4    | Found Kiuroff's Food Shop.
  2789 | Orc:4    | Found Dotuseme's Gadget Shop.
  2791 | Orc:4    | Noticed an orc knight
  2798 | Orc:4    | Killed an orc knight
  2805 | Orc:4    | Bought a wand of teleportation (5) for 270 gold pieces
  2815 | Orc:4    | Bought a cursed ring of teleportation for 159 gold pieces
  2815 | Orc:4    | Bought the ring of Zalikheb {Fire rPois Str+2} for 444 gold pieces
  2815 | Orc:4    | Bought a cursed amulet of inaccuracy for 22 gold pieces
  2880 | Elf:1    | Entered Level 1 of the Elven Halls
  2935 | Orc:1    | Reached ***** piety under Trog
  3064 | D:9      | Found a staircase to the Lair.
  3080 | Lair:1   | Entered Level 1 of the Lair of Beasts
  3256 | Lair:2   | Found a shadowy altar of Dithmenos.
  3272 | Lair:2   | Noticed Gastronok
  3289 | Lair:2   | Killed Gastronok
  3289 | Lair:2   | Reached skill level 14 in Axes
  3289 | Lair:2   | Reached skill level 10 in Armour
  3289 | Lair:2   | Reached skill level 10 in Evocations
  3475 | Lair:2   | Found a dark tunnel.
  3480 | Volcano  | Entered a volcano
  3568 | Lair:3   | Reached XP level 12. HP: 74/109 MP: 16/16
  3896 | Lair:5   | Found a deep blue altar of Sif Muna.
  3918 | Lair:5   | Noticed BLOAX's ghost (journeyman MiBe)
  3935 | Lair:5   | Killed BLOAX's ghost
  4090 | Lair:6   | Reached skill level 15 in Axes
  4199 | Lair:6   | Found a staircase to the Slime Pits.
  4423 | Lair:7   | Reached skill level 16 in Axes
  4423 | Lair:7   | Reached XP level 13. HP: 59/115 MP: 18/18
  4444 | Lair:7   | Noticed an eight-headed hydra
  4458 | Lair:7   | Killed a one-headed hydra
  4522 | Lair:8   | Entered Level 8 of the Lair of Beasts
  4621 | Lair:8   | Found a frozen archway.
  4629 | IceCv    | Entered an ice cave
  4878 | Lair:8   | Noticed Maud
  4904 | Lair:8   | Killed Maud
  4904 | Lair:8   | Reached skill level 17 in Axes
  5121 | Lair:6   | Found a staircase to the Shoals.
  5133 | Shoals:1 | Entered Level 1 of the Shoals
  5271 | Shoals:1 | You fall through a shaft!
  5560 | Shoals:2 | :D
  5585 | Shoals:2 | :D
  5804 | Shoals:3 | Gained mutation: You resist negative energy. [Deep Dwarf growth]
  5804 | Shoals:3 | Reached XP level 14. HP: 123/123 MP: 17/17
  5822 | Shoals:4 | Entered Level 4 of the Shoals
  5844 | Shoals:4 | Reached skill level 18 in Axes
  6010 | Shoals:4 | Found a runed door.
  6206 | Shoals:4 | Noticed Ilsuiw
  6439 | Shoals:4 | Got a barnacled rune of Zot
  6455 | Shoals:4 | Reached skill level 19 in Axes
  6471 | Shoals:4 | HP: 3/123 [merfolk impaler/trident (15)]
  6746 | Lair:3   | Found a staircase to the Snake Pit.
  6756 | Snake:1  | Entered Level 1 of the Snake Pit
  6760 | Snake:1  | Noticed Aizul
  6958 | Snake:2  | Found Waer's Antique Weapon Boutique.
  7146 | Snake:4  | Entered Level 4 of the Snake Pit
  7161 | Snake:4  | Noticed a greater naga
  7219 | Snake:4  | Noticed a greater naga
  7220 | Snake:4  | Noticed a greater naga
  7220 | Snake:4  | Noticed a greater naga
  7229 | Snake:4  | Noticed a greater naga
  7278 | Snake:4  | Noticed a greater naga
  7278 | Snake:4  | Noticed a greater naga
  7279 | Snake:4  | Got a serpentine rune of Zot
  7287 | Snake:4  | Noticed a greater naga
  7368 | Snake:1  | Found Dicirrus's Assorted Antiques.
  7377 | Snake:1  | Bought a tiny peridot amulet for 130 gold pieces
  7377 | Snake:1  | Bought a scroll labeled YPLAONNOAKO for 26 gold pieces
  7553 | D:10     | Entered Level 10 of the Dungeon
  7605 | D:10     | Noticed Harold
  7612 | D:10     | Killed Harold
  7815 | D:13     | Reached XP level 15. HP: 34/129 MP: 11/11
  7818 | D:13     | You fall through a shaft for 2 floors!
  7818 | D:15     | Entered Level 15 of the Dungeon
  7904 | D:15     | Found a sparkling altar of Nemelex Xobeh.
  7953 | D:15     | Reached skill level 20 in Axes
  8008 | D:15     | Found a staircase to the Depths.
  8039 | Depths:1 | Entered Level 1 of the Depths
  8048 | Depths:1 | Found a gateway to Hell.
  8076 | Hell     | Entered the Vestibule of Hell
  8076 | Hell     | Noticed Geryon
  8203 | Depths:2 | Reached skill level 15 in Armour
  8357 | Depths:3 | Found a magical portal.
  8362 | WizLab   | Entered The Roulette of Golubria
  8364 | WizLab   | Found a corrupted altar of Lugonu.
  8364 | WizLab   | Noticed an eldritch tentacle
  8432 | WizLab   | Noticed a lich
  8435 | WizLab   | Noticed a tentacled monstrosity
  8496 | WizLab   | Noticed a tentacled starspawn
  8532 | Depths:3 | Found a gateway to a ziggurat.
  8552 | Zig:1    | Entered Level 1 of a ziggurat
  8572 | Zig:2    | Entered Level 2 of a ziggurat
  8583 | Zig:3    | Entered Level 3 of a ziggurat
  8587 | Zig:3    | Reached skill level 15 in Evocations
  8587 | Zig:3    | Reached XP level 16. HP: 106/140 MP: 9/11
  8638 | Zig:4    | Entered Level 4 of a ziggurat
  8646 | Zig:4    | Noticed an acid blob
  8650 | Zig:4    | Killed an acid blob
  8699 | Zig:5    | Entered Level 5 of a ziggurat
  8736 | Zig:5    | Upgraded the game from 0.17.0-25-gefc9c12 to 0.17.0-26-gececa24
  8764 | Zig:6    | Entered Level 6 of a ziggurat
  8860 | Zig:7    | Entered Level 7 of a ziggurat
  8904 | Zig:7    | Identified Witchery, Part Two (You found it on level 7 of a ziggurat)
  8911 | Zig:8    | Entered Level 8 of a ziggurat
  8949 | Depths:3 | Reached XP level 17. HP: 39/151 MP: 11/11
  9063 | Depths:4 | Noticed a lich
  9067 | Depths:4 | Noticed a tentacled monstrosity
  9084 | Depths:4 | Found a runed door.
  9096 | Depths:4 | Found a one-way gate to the infinite horrors of the Abyss.
  9108 | Depths:4 | HP: 6/151 [deep troll (7)]
  9109 | Depths:4 | HP: 2/151 [deep troll (1)]
  9109 | Depths:4 | Mangled by a deep troll

Action                   |  1- 3 |  4- 6 |  7- 9 | 10-12 | 13-15 | 16-18 || total
-------------------------+-------+-------+-------+-------+-------+-------++-------
Melee: Hand axe          |    23 |   110 |    18 |       |       |       ||   151
       Battleaxe         |       |       |   158 |   452 |   796 |   108 ||  1514
       Scimitar          |       |       |       |       |    23 |       ||    23
Throw: Throwing net      |       |       |       |       |     2 |       ||     2
Invok: Berserk           |     3 |     4 |     9 |     6 |    12 |     4 ||    38
       Trog's Hand       |       |     4 |    14 |    30 |    83 |    11 ||   142
       Brothers in Arms  |       |       |       |     1 |       |       ||     1
 Abil: Device Recharging |       |       |     4 |       |    12 |     3 ||    19
       Evoke Teleportati |       |       |       |     2 |    48 |     5 ||    55
Evoke: Wand              |       |     1 |    15 |    12 |    79 |     9 ||   116
       Deck              |       |       |       |       |     2 |     2 ||     4
       Phial of floods   |       |       |       |       |     2 |     2 ||     4
       Stone of tremors  |       |       |       |       |     2 |     1 ||     3
       Lamp of fire      |       |       |       |       |       |     2 ||     2
  Use: Scroll            |     1 |       |    10 |     8 |    16 |     5 ||    40
       Potion            |     1 |       |       |       |    16 |     4 ||    21
 Stab: Paralysed         |       |       |     4 |    17 |     6 |       ||    27
       Held in net/web   |       |       |       |       |     4 |       ||     4
  Eat: Chunk             |       |     6 |     9 |    12 |    16 |     1 ||    44
       Beef jerky        |       |     1 |     1 |       |     1 |       ||     3
       Meat ration       |       |       |     1 |       |       |       ||     1
       Fruit             |       |       |       |    10 |     2 |       ||    12
       Pizza             |       |       |       |       |     5 |       ||     5
       Bread ration      |       |       |       |       |     7 |       ||     7
       Royal jelly       |       |       |       |       |       |     3 ||     3
